Map: Buried Caverns

Players

llllllllllll

  • Race: Zerg Zerg
  • League: Master
  • Spawn Location: 3:00

Timmy

  • Race: Protoss Protoss
  • League: Master
  • Spawn Location: 3:00

DEVIN

  • Race: Terran Terran
  • League: Diamond
  • Spawn Location: 5:00

OpuS

  • Race: Protoss Protoss
  • League: Diamond
  • Spawn Location: 9:00

AznTrix

  • Race: Terran Terran
  • Spawn Location: 7:00

Sketchaphone

  • Race: Zerg Zerg
  • League: Gold
  • Spawn Location: 9:00

VOD

Have the link to the VOD?

Description

Time

  • Played on: Jan. 14, 2019, 8:20 p.m.
  • Length: 6:58
Show
View Real Time Build Order
Export as new Build Order

llllllllllll Zerg 

Build Orders: Hatch First, Roach Nydus 

Get SALT Encoding   

  12  0:01  Drone  
  13  0:14  Overlord  
  13  0:18  Drone  
  14  0:32  Drone x2  
  16  0:36  Drone  
  17  0:55  Hatchery  
  16  0:57  Drone  
  16  1:00  Drone  
  18  1:10  Extractor  
  17  1:16  Spawning Pool  
  16  1:19  Drone  
  16  1:23  Drone  
  18  1:29  Drone  
  19  1:40  Overlord  
  19  1:58  Drone  
  20  2:03  Queen  
  22  2:09  Queen  
  22  2:10  Zergling x4  
  22  2:13  Drone  
  27  2:18  Drone  
  27  2:22  Metabolic Boost  
  28  2:24  Drone  
  29  2:30  Drone  
  30  2:37  Drone  
  31  2:44  Overlord, Queen  
  31  2:50  Lair  
  33  2:52  Drone  
  33  2:54  Drone  
  33  2:58  Drone  
  36  3:02  Extractor  
  36  3:04  Evolution Chamber  
  34  3:14  Overlord  
  34  3:15  Drone x3  
  37  3:26  Roach Warren  
  36  3:30  Overlord  
  36  3:32  Zerg Missile Weapons Level 1  
  36  3:41  Overlord  
  36  3:42  Drone x2  
  38  3:52  Drone x4  
  38  3:55  Drone  
  43  4:04  Nydus Network  
  43  4:08  Drone  
  43  4:16  Drone x3  
  46  4:21  Overlord  
  46  4:22  Roach x2  
  50  4:27  Roach  
  50  4:28  Roach  
  54  4:38  Roach  
  56  4:39  Roach  
  56  4:42  Roach x4  
  66  4:47  Overlord  
  66  4:52  Roach  
  68  4:54  Overlord  
  67  5:02  Roach  
  67  5:05  Overlord  
  68  5:08  Roach  
  68  5:14  Roach x2  
  74  5:27  Roach x2  
  78  5:33  Roach  
  80  5:36  Overlord  
  80  5:39  Extractor  
  80  5:40  Extractor  
  80  5:41  Queen  
  80  5:43  Roach  
  82  5:52  Nydus Canal  
  82  5:53  Roach  
  82  5:55  Roach  
  82  5:56  Queen, Hatchery, Roach  
  89  6:05  Roach x2  
  89  6:06  Roach  
  89  6:07  Roach  
  97  6:17  Roach  
  99  6:31  Overlord  
  99  6:36  Overlord x2  
  99  6:38  Drone  
Show
View Real Time Build Order
Export as new Build Order

Timmy Protoss 

Build Orders: Cannon Rush 

Get SALT Encoding   

  12  0:01  Probe  
  13  0:14  Probe  
  14  0:20  Pylon  
  14  0:26  Probe  
  15  0:37  Probe  
  15  0:42  Forge  
  16  0:45  Probe  
  17  0:53  Probe  
  18  1:08  Pylon  
  18  1:10  Pylon  
  18  1:21  Pylon  
  18  1:30  Photon Cannon  
  18  1:32  Photon Cannon  
  18  1:45  Pylon, Photon Cannon  
  18  1:53  Pylon  
  18  1:54  Probe  
  19  2:11  Photon Cannon  
  19  2:13  Photon Cannon  
  19  2:20  Photon Cannon  
  20  2:28  Photon Cannon  
  19  2:42  Photon Cannon  
  19  2:45  Pylon  
  19  2:54  Probe  
  19  3:02  Probe  
  19  3:03  Gateway  
  19  3:11  Probe  
  20  3:23  Probe  
  21  3:33  Nexus, Probe  
  21  3:41  Probe  
  22  3:45  Assimilator  
  23  3:50  Probe  
  23  3:51  Assimilator  
  24  4:02  Probe  
  25  4:14  Probe  
  26  4:20  Cybernetics Core  
  26  4:21  Pylon  
  26  4:23  Pylon  
  26  4:26  Probe  
  9  4:59  Probe  
  10  5:07  Probe  
  10  5:15  Probe  
  10  5:16  Probe  
  12  5:23  Probe  
  12  5:27  Probe  
  14  5:32  Probe  
  14  5:35  Probe  
  15  5:41  Probe, Cybernetics Core  
  16  5:43  Probe  
  16  5:49  Probe  
  18  5:54  Probe  
  20  5:58  Probe  
  20  6:04  Probe  
  21  6:10  Probe  
  23  6:12  Probe  
  23  6:17  Photon Cannon  
  24  6:22  Probe  
  24  6:23  Pylon, Probe  
  26  6:35  Probe x2  
  29  6:51  Robotics Facility  
  30  6:55  Pylon  
Show
View Real Time Build Order
Export as new Build Order

DEVIN Terran 

Build Orders:  

Get SALT Encoding   

  12  0:01  SCV  
  13  0:14  SCV  
  14  0:18  Supply Depot  
  14  0:26  SCV  
  15  0:32  Refinery  
  15  0:44  Barracks  
  15  0:49  SCV  
  16  1:05  SCV  
  17  1:15  Barracks  
  17  1:18  Refinery  
  17  1:21  SCV  
  18  1:33  SCV  
  18  1:38  Barracks Reactor  
  19  1:47  Orbital Command  
  19  2:02  Barracks Reactor  
  19  2:08  Supply Depot  
  20  2:15  Reaper x2  
  21  2:27  SCV  
  22  2:31  Supply Depot  
  22  2:39  Reaper x2  
  22  2:41  SCV  
  25  2:47  Reaper  
  25  2:48  Reaper  
  27  2:53  SCV  
  28  3:11  Reaper x2  
  30  3:13  SCV  
  30  3:19  Reaper  
  32  3:20  Reaper  
  32  3:26  SCV  
  34  3:38  SCV  
  34  3:39  Command Center  
  35  3:41  Supply Depot  
  35  3:50  Reaper  
  36  3:58  Reaper  
  36  3:59  SCV  
  38  4:05  Supply Depot  
  38  4:09  Reaper x2  
  40  4:26  Reaper  
  40  4:29  SCV  
  40  4:30  Reaper  
  43  4:41  Reaper x2  
  45  4:46  Command Center  
  45  4:58  Reaper  
  46  5:03  Reaper  
  46  5:13  Reaper x2  
  48  5:15  Orbital Command, SCV  
  48  5:19  Barracks  
  49  5:22  Barracks  
  48  5:30  Reaper  
  48  5:31  SCV  
  48  5:35  Reaper  
  51  5:52  Reaper x2  
  51  5:53  SCV  
  53  6:01  Orbital Command  
  53  6:03  Orbital Command  
  53  6:10  Barracks, Reaper x2  
  53  6:11  Barracks x2  
  55  6:24  Reaper x2  
  57  6:29  Orbital Command  
Show
View Real Time Build Order
Export as new Build Order

OpuS Protoss 

Build Orders: Double Forge 

Get SALT Encoding   

  12  0:01  Probe  
  13  0:13  Probe  
  14  0:20  Pylon  
  14  0:25  Probe  
  15  0:38  Probe  
  15  0:42  Gateway  
  16  0:49  Probe  
  17  0:57  Probe  
  17  1:00  Assimilator  
  18  1:05  Probe  
  19  1:23  Gateway  
  19  1:25  Gateway  
  19  1:27  Forge  
  19  1:29  Probe  
  20  1:37  Probe  
  19  2:02  Pylon  
  19  2:07  Pylon  
  17  2:17  Nexus  
  13  2:26  Photon Cannon  
  13  2:27  Photon Cannon  
  11  3:34  Probe  
  12  3:42  Probe  
  13  3:52  Probe  
  14  4:03  Pylon  
  14  4:04  Probe  
  15  4:21  Probe  
  16  4:25  Forge  
  16  4:29  Probe  
  16  4:37  Probe  
  18  4:47  Probe  
  19  5:02  Photon Cannon, Assimilator  
  19  5:07  Pylon  
  19  5:08  Probe  
  20  5:20  Probe  
  21  5:30  Photon Cannon  
  21  5:31  Photon Cannon  
  21  5:33  Photon Cannon  
  21  5:35  Probe  
  21  5:36  Photon Cannon  
  22  5:43  Probe  
  23  5:53  Gateway  
  23  5:54  Assimilator  
  23  5:56  Probe  
  23  6:09  Pylon  
  23  6:37  Pylon  
Show
View Real Time Build Order
Export as new Build Order

AznTrix Terran 

Build Orders:  

Get SALT Encoding   

  12  0:13  SCV  
  13  0:22  Supply Depot  
  13  0:25  SCV  
  14  0:37  SCV  
  15  0:45  Barracks  
  15  0:49  Supply Depot  
  15  0:51  SCV  
  16  1:04  SCV  
  17  1:09  Barracks  
  17  1:21  SCV  
  18  1:33  Barracks  
  18  1:40  Marine  
  19  1:49  SCV  
  20  1:57  Supply Depot  
  20  2:01  SCV  
  20  2:25  Command Center  
  19  2:40  Marine x2  
  19  2:42  SCV  
  22  2:58  Marine x2  
  23  3:07  SCV  
  23  3:12  Supply Depot  
  24  3:15  Marine  
  24  3:16  Marine x2  
  27  3:32  Marine  
  27  3:34  Marine  
  29  3:39  Marine  
  30  3:46  Barracks  
  25  3:51  Marine  
  25  3:57  Marine  
  6  4:53  SCV  
  7  5:05  SCV  
  8  5:10  Orbital Command  
  8  5:12  Refinery  
  8  5:15  Supply Depot  
  8  5:17  Marine  
  9  5:21  Marine  
  9  5:23  Orbital Command  
  10  5:35  Marine  
  10  5:42  Marine  
  12  5:50  SCV  
  12  5:53  Marine  
  14  6:02  SCV  
  15  6:04  SCV  
  16  6:14  SCV  
  16  6:17  SCV  
  18  6:24  Marine  
  18  6:25  Marine  
Show
View Real Time Build Order
Export as new Build Order

Sketchaphone Zerg 

Build Orders: Hatch First 

Get SALT Encoding   

  12  0:01  Drone  
  13  0:12  Overlord  
  13  0:19  Drone  
  14  0:24  Extractor  
  14  0:25  Drone  
  15  0:34  Drone  
  15  0:35  Drone  
  17  0:58  Hatchery  
  17  1:00  Extractor  
  17  1:03  Drone  
  16  1:05  Drone  
  17  1:22  Spawning Pool  
  16  1:37  Drone  
  16  1:39  Drone x2  
  19  1:55  Drone  
  20  2:09  Metabolic Boost  
  20  2:11  Zergling x4  
  20  2:13  Drone  
  23  2:15  Queen  
  25  2:24  Queen, Zergling x2  
  25  2:27  Overlord  
  28  2:42  Overlord  
  28  2:56  Zergling x4  
  30  2:59  Zergling x2  
  30  3:00  Overlord  
  30  3:01  Baneling Nest, Drone  
  30  3:04  Zergling x2  
  29  3:20  Spine Crawler  
  29  3:22  Zergling x2  
  29  3:23  Zergling x4  
  31  3:34  Zergling x8  
  34  3:40  Spine Crawler  
  33  3:52  Evolution Chamber  
  33  3:54  Drone x2  
  33  3:55  Overlord  
  33  4:05  Drone  
  33  4:06  Drone  
  35  4:12  Zergling x4  
  37  4:20  Zergling x4  
  35  4:37  Baneling  
  35  4:39  Baneling  
  8  5:25  Drone x4  
  6  5:48  Spine Crawler  
  6  5:49  Spine Crawler  
Tags
 
Add a new tag
Caveats
  • Supply blocks, unpowered buildings, or Contaminate may cause inaccurate times.
  • Supply counts are checked every 10 seconds.